 Dungeon Crawl Stone Soup version 0.28.0 (webtiles) character file.

Game seed: 3612014325081124663

788 fragbeetle the Cleaver (level 7, -8/55 HPs)
             Began as a Ghoul Gladiator on Feb 8, 2022.
             Killed from afar by an acid dragon (19 damage)
             ... with a splash of acid
             ... on level 5 of the Dungeon.
             The game lasted 00:05:38 (4659 turns).

fragbeetle the Cleaver (Ghoul Gladiator)            Turns: 4659, Time: 00:05:39

Health: -8/55      AC:  2    Str: 20    XL:     7   Next: 87%
Magic:  6/6        EV: 11    Int:  3    God:
Gold:   237        SH:  0    Dex: 10    Spells: 6/6 levels left

rFire   . . .      SeeInvis .   a - +0 war axe
rCold   + . .      Faith    .   (no shield)
rNeg    + + +      Spirit   .   n - +0 ring mail
rPois   ∞          Reflect  .   c - +0 helmet
rElec   .          Harm     .   (no cloak)
rCorr   .          Rampage  .   (no gloves)
Will    .....                   (no boots)
Stlth   ..........              (no amulet)
HPRegen 0.00/turn               (no ring)
MPRegen 0.10/turn               (no ring)

@: corroded, inhibited regen
A: claws 1, cold resistance 1, negative energy resistance 3, inhibited
regeneration, torment resistance 2
a: no special abilities


You were on level 5 of the Dungeon.
You visited 1 branch of the dungeon, and saw 5 of its levels.

You collected 237 gold pieces.

Inventory:

Hand Weapons
 a - a +0 war axe (weapon)
 g - a +2 whip of freezing
Missiles
 d - 3 throwing nets (quivered)
 k - 9 poisoned darts
 o - 2 javelins
 q - 2 boomerangs
Armour
 c - a +0 helmet (worn)
 n - a +0 ring mail (worn)
Jewellery
 t - a ring of fire
Wands
 r - a wand of digging (8)
 w - a wand of flame (21)
Scrolls
 b - a scroll of fear {unknown}
 h - 4 scrolls of identify {unknown}
 i - a scroll of immolation {unknown}
 l - a scroll of magic mapping {unknown}
 m - a scroll of fog {unknown}
 s - a scroll of teleportation {unknown}
 u - a scroll of brand weapon {unknown}
Potions
 e - a potion of curing
 f - a potion of attraction {unknown}
 j - a potion of heal wounds {unknown}
 p - 2 potions of magic {unknown}
 v - a potion of flight {unknown}


   Skills:
 - Level 2.1 Fighting
 * Level 8.3 Axes
 - Level 1.7 Throwing
 - Level 2.6 Dodging


You had 6 spell levels left.
You didn't know any spells.
Your spell library was empty.

Dungeon Overview and Level Annotations

Branches:
Dungeon (5/15)
 Temple: D:4-7

Altars:
Fedhas
Hepliaklqana


Innate Abilities, Weirdness & Mutations

You thrive by killing the living.
You are immune to poison.
You have sharp fingernails.
Your flesh is cold resistant. (rC+)
You are immune to negative energy. (rN+++)
You do not regenerate when monsters are visible.
You are immune to unholy pain and torment.


Message History

r - Retreat! s - Stop attacking. g - Guard the area. f - Follow me.
Anything else - Cancel.
You shout for attention!
The acid dragon roars!
You barely miss the acid dragon. The acid dragon bites you.
The acid dragon claws you.
You slash the acid dragon!
The acid dragon is moderately wounded.
The acid dragon spits acid at you. The splash of acid hits you!
The acid corrodes you! The acid dragon bites you!
The acid dragon claws you but does no damage.
You hear an angry hiss.
You hit the acid dragon but do no damage.
The acid dragon is moderately wounded.
The acid dragon spits acid at you. The splash of acid hits you!!
* * * LOW HITPOINT WARNING * * *
You barely miss the acid dragon.
The acid dragon is moderately wounded.
The acid dragon bites you.
* * * LOW HITPOINT WARNING * * *
The acid dragon barely misses you.
You hit the acid dragon.
The acid dragon is heavily wounded.
The acid dragon closely misses you. x2
You barely miss the acid dragon.
The acid dragon is heavily wounded.
The acid dragon bites you.
* * * LOW HITPOINT WARNING * * *
The acid dragon claws you.
* * * LOW HITPOINT WARNING * * *
You hit the acid dragon but do no damage.
The acid dragon is heavily wounded.
An iguana comes into view.
The acid dragon closely misses you.
The acid dragon claws you but does no damage.
It was a potion of curing.
You feel better. The acid dragon spits acid at you.
The splash of acid hits you!!
You die...

##....#.#....)#.#..#
##.
#....#..#.######..#
#
#....#.####.#..#..#
.....D#.#.....#.#.##
#.###..#..#.####.#.#
#. #..######.#..#.#
#..#.#....†#.#
##.#..#.######
..####.#@####..#
........D......l.
...####..........
###........
#.......# #.......#
#.......# #########


You could see an acid dragon (catching breath) and an iguana.

Vanquished Creatures
  2 water moccasins
  An ice beast (D:5)
  An ogre (D:5)
  2 scorpions
  A hound (D:4)
  2 iguanas
  An orc wizard (D:4)
  Ijyb (D:4)
  A gnoll (D:1)
  4 adders
  An ufetubus (D:5)
  2 worms
  6 dart slugs
  6 orcs
  11 ball pythons
  8 endoplasms
  3 giant cockroaches
  9 goblins
  11 hobgoblins
  5 jackals
  4 quokkas
  3 bats (D:2)
  10 frilled lizards
  7 kobolds
  2 rats
104 creatures vanquished.

Vanquished Creatures (others)
  2 plants (D:4)
2 creatures vanquished.

Grand Total: 106 creatures vanquished

Notes
Turn   | Place    | Note
-------+----------+-------------------------------------------
     0 | D:1      | fragbeetle the Ghoul Gladiator began the quest for the Orb.
     0 | D:1      | Reached XP level 1. HP: 17/17 MP: 0/0
    13 | D:1      | Reached skill level 3 in Axes
    13 | D:1      | Reached XP level 2. HP: 13/24 MP: 1/1
   292 | D:1      | Reached XP level 3. HP: 29/29 MP: 2/2
   475 | D:1      | Reached skill level 4 in Axes
   946 | D:2      | Reached XP level 4. HP: 25/36 MP: 3/3
  1104 | D:2      | Found a blossoming altar of Fedhas.
  1144 | D:2      | You fall into a shaft and drop 1 floor!
  1218 | D:2      | Found a faded altar of an unknown god.
  2376 | D:4      | Noticed a scorpion
  2385 | D:3      | Killed a scorpion
  2386 | D:3      | Reached skill level 5 in Axes
  2386 | D:3      | Reached XP level 5. HP: 25/41 MP: 4/4
  2946 | D:4      | Reached XP level 6. HP: 48/48 MP: 5/5
  2999 | D:4      | Reached skill level 6 in Axes
  3406 | D:4      | Found a hazy altar of Hepliaklqana.
  3596 | D:5      | Entered Level 5 of the Dungeon
  3597 | D:5      | Noticed a water moccasin
  3600 | D:5      | Noticed Ijyb
  3618 | D:4      | Killed a water moccasin
  3962 | D:4      | Reached skill level 7 in Axes
  3962 | D:4      | Reached XP level 7. HP: 18/55 MP: 6/6
  3968 | D:4      | Killed Ijyb
  4419 | D:5      | Reached skill level 8 in Axes
  4659 | D:5      | Killed from afar by an acid dragon

Illustrated notes

Levels and vault maps discovered:
D:1:      enne_arrival_octagon_isle, layout_loops_ring, minmay_pentomino_p2
D:2:      layout_basic, basic_altar, basic_ecumenical_altar
D:3:      layout_basic
D:4:      layout_basic, amcnicky_altar_gilded, minmay_lizard_king
D:5:      minmay_angry_zag, layout_rooms, mainiacjoe_overflow_alcove_2,
          grunt_gozag_statues, mainiacjoe_overflow_surrounded_room,
          mainiacjoe_overflow_boulevard, hangedman_decor_riveting, uniq_ijyb

Skill      XL: |  1  2  3  4  5  6  7 |
---------------+----------------------+-----
Axes           | 3 4 5 7 8 |  8.3
Fighting       | |  2.1
Throwing       | |  1.7
Dodging        | |  2.6

Action                   |  1- 3 |  4- 6 |  7- 9 || total
-------------------------+-------+-------+-------++-------
Melee: War axe           |    35 |       |    58 ||    93
       Whip              |    43 |   215 |     6 ||   264
       Punch             |     1 |     3 |     1 ||     5
  Use: Potion            |       |       |     1 ||     1
Armor: Leather armour    |    29 |    12 |       ||    41
       Ring mail         |       |    49 |    17 ||    66
Dodge: Dodged            |    36 |   116 |    33 ||   185
